 Dungeon Crawl Stone Soup version 0.27-a0-277-g024f7ef292 (webtiles) character file.

Game seed: 9495703433629182252

393 Nattfarinn the Chiller (level 6, -10/52 HPs)
             Began as a Barachi Ice Elementalist on Feb 6, 2021.
             Mangled by an ice beast (11 damage)
             ... on level 3 of the Dungeon.
             The game lasted 00:08:05 (3157 turns).

Nattfarinn the Chiller (Barachi Ice Elementalist)   Turns: 3157, Time: 00:08:09

Health: -10/52     AC:  5    Str: 10    XL:     6   Next: 81%
Magic:  4/9        EV: 12    Int: 17    God:
Gold:   185        SH:  0    Dex: 12    Spells: 2/9 levels left

rFire    . . .     SeeInvis .   h - +1 dagger (freeze)
rCold    . . .     Faith    .   (no shield)
rNeg     . . .     Spirit   .   a - +0 robe
rPois    .         Reflect  .   (no helmet)
rElec    .         Harm     .   (no cloak)
rCorr    .         Rampage  .   (no gloves)
Will     +....                  (no boots)
Stlth    ++........             (no amulet)
HPRegen  0.17/turn              (no ring)
MPRegen  0.11/turn              (no ring)

@: can't hop, slow
A: +LOS, swims, thin metallic scales 1, strong-willed 1, robust 1, shaggy fur 1,
slowness 1, strong legs 1
a: Hop


You were on level 3 of the Dungeon.
You visited 1 branch of the dungeon, and saw 3 of its levels.

You collected 185 gold pieces.

Inventory:

Hand Weapons
 h - a +1 dagger of freezing (weapon)
Missiles
 m - 31 poisoned darts
Armour
 a - a +0 robe (worn)
Jewellery
 g - an uncursed ring of magical power {unknown}
Scrolls
 c - 2 scrolls of enchant armour {unknown}
 d - 2 scrolls of remove curse {unknown}
 f - 3 scrolls of teleportation {unknown}
 i - 6 scrolls of identify {unknown}
 n - a scroll of immolation {unknown}
 o - a scroll of amnesia {unknown}
 p - a scroll of magic mapping {unknown}
 q - a scroll of enchant weapon {unknown}
Potions
 b - a potion of flight {unknown}
 j - a potion of mutation
 k - 2 potions of invisibility {unknown}
 l - a potion of lignification {unknown}
 r - a potion of cancellation {unknown}


   Skills:
 + Level 3.7 Fighting
 + Level 3.7 Armour
 - Level 2.1 Dodging
 - Level 1.7 Stealth
 - Level 2.1 Spellcasting
 * Level 7.5 Ice Magic


You had 2 spell levels left.
You knew the following spells:

 Your Spells              Type           Power        Failure   Level
a - Freeze                Ice            100%         1%          1
b - Frozen Ramparts       Ice            54%          2%          3
c - Ozocubu's Armour      Ice            27%          2%          3

Your spell library contained the following spells:

 Spells                   Type           Power        Failure   Level
 Hailstorm                Conj/Ice       14%          38%         4
 Summon Ice Beast         Ice/Summ       14%          38%         4


Dungeon Overview and Level Annotations

Branches:
Dungeon (3/15)

Altars:
Dithmenos
Gozag
Kikubaaqudgha
Uskayaw
Yredelemnul

Annotations:
D:3 1 runed translucent door, Crazy Yiuf


Innate Abilities, Weirdness & Mutations

You can be seen from farther away. (+LOS)
You can swim through water.
You cover ground slowly.
You can hop short distances.
You are partially covered in thin metallic scales. (AC +2)
You are strong-willed. (Will+)
You are robust. (+10% HP)
You are covered in fur. (AC +1)


Message History

The ice beast freezes you.
* * * LOW HITPOINT WARNING * * *
It was a potion of curing.
You feel better.
The frozen ramparts melt away.
The ice beast closely misses you.
Your icy armour will break if you move.
Continue?
Okay, then.
You feel better. The ice beast hits you. The ice beast freezes you!
* * * LOW HITPOINT WARNING * * *
Your icy armour will break if you move.
Continue?
Your icy armour cracks and falls away as you move.
Okay, then.
Okay, then.
It was a potion of mutation.
You feel extremely strange. Fur sprouts all over your body.
Thin metallic scales grow over part of your body.
You feel robust.
You feel strong-willed. The ice beast hits you.
* * * LOW HITPOINT WARNING * * *
The ice beast freezes you!
You die...

.#...))...## #.# .#.#####.##
#.### .#.######## #...#
.#........#########...#
....###..........##..)#
.##.###...#####...##.#####
...........#....)........#
.#####.###.#.##.Y>##.###.#######
.# #.# #.#.###@##............##
.# #.# #.#.# #.##..###.####...#
.# #.###.#.# #.##..##.......#..
.#####..##.#)#
#.##..##..####...#
...Y.....#.#.# #.........# ##.##
...........#.#####[..###.# #.##
..#####.##...........###.# #)#.
..# #.##.#..<..........# #)#.
..# #.##.###.........### #)..


You could see an ice beast.

Vanquished Creatures
  Sigmund (D:3)
  A hound (D:3)
  Natasha (thrice) (D:3)
  An orc wizard (D:3)
  3 adders
  4 worms
  6 dart slugs
  7 orcs (D:3)
  A ball python (D:1)
  2 giant cockroaches
  6 goblins
  7 hobgoblins
  2 jackals (D:3)
  4 bats
  3 frilled lizards
  2 kobolds
  7 rats
60 creatures vanquished.

Vanquished Creatures (others)
  2 fungi (D:3)
2 creatures vanquished.

Grand Total: 62 creatures vanquished

Notes
Turn   | Place    | Note
-------+----------+-------------------------------------------
     0 | D:1      | Nattfarinn the Barachi Ice Elementalist began the quest for
                  | the Orb.
     0 | D:1      | Reached XP level 1. HP: 13/13 MP: 3/3
   143 | D:1      | Reached skill level 5 in Ice Magic
   203 | D:1      | Reached XP level 2. HP: 15/20 MP: 0/5
   493 | D:1      | Reached skill level 1 in Fighting
   493 | D:1      | Reached skill level 1 in Armour
   902 | D:1      | Reached XP level 3. HP: 26/26 MP: 6/6
  1465 | D:2      | Found an ancient bone altar of Kikubaaqudgha.
  1719 | D:2      | Learned a level 3 spell: Frozen Ramparts
  1866 | D:2      | Reached XP level 4. HP: 27/33 MP: 7/7
  2236 | D:3      | Reached skill level 6 in Ice Magic
  2306 | D:3      | Noticed Natasha
  2309 | D:3      | Killed Natasha
  2376 | D:3      | Reached XP level 5. HP: 39/39 MP: 4/8
  2629 | D:3      | Found a hide-covered altar of Uskayaw.
  2663 | D:3      | Noticed Natasha
  2667 | D:3      | Killed Natasha
  2693 | D:3      | Noticed Sigmund
  2699 | D:3      | Learned a level 3 spell: Ozocubu's Armour
  2722 | D:3      | Killed Sigmund
  2723 | D:3      | Reached skill level 7 in Ice Magic
  2723 | D:3      | Reached XP level 6. HP: 37/47 MP: 0/9
  2902 | D:3      | Found a runed translucent door.
  2903 | D:3      | Noticed Crazy Yiuf
  2965 | D:3      | Noticed Natasha
  2974 | D:3      | Killed Natasha
  3069 | D:3      | Found an opulent altar of Gozag.
  3073 | D:3      | Found a basalt altar of Yredelemnul.
  3074 | D:3      | Found a shadowy altar of Dithmenos.
  3115 | D:3      | Noticed an ice beast
  3157 | D:3      | Gained mutation: You are covered in fur. (AC +1) [potion of
                  | mutation]
  3157 | D:3      | Gained mutation: You are partially covered in thin metallic
                  | scales. (AC +2) [potion of mutation]
  3157 | D:3      | Gained mutation: You are robust. (+10% HP) [potion of
                  | mutation]
  3157 | D:3      | Gained mutation: You are strong-willed. (Will+) [potion of
                  | mutation]
  3157 | D:3      | HP: 1/52 [ice beast (4)]
  3157 | D:3      | Mangled by an ice beast

Illustrated notes

Levels and vault maps discovered:
D:1:      lemuel_arrival_rhombus, layout_basic
D:2:      layout_basic, general_overflow_altar
D:3:      layout_loops_ring, minitemple, marbit_many_paths, tgw_sif,
          uniq_crazy_yiuf_cottage, uniq_natasha, uniq_sigmund

Skill      XL: |  1  2  3  4  5 |
---------------+----------------+-----
Ice Magic      | 5 6 7 |  7.5
Fighting       | 1 2 3 |  3.7
Armour         | 1 2 3 |  3.7
Dodging        | |  2.1
Stealth        | |  1.7
Spellcasting   | |  2.1

Action                   |  1- 3 |  4- 6 || total
-------------------------+-------+-------++-------
Melee: Unarmed           |     8 |       ||     8
       Dagger            |    12 |    51 ||    63
 Cast: Freeze            |    41 |     7 ||    48
       Frozen Ramparts   |     1 |    12 ||    13
       Ozocubu's Armour  |       |     2 ||     2
 Abil: Hop               |     1 |     1 ||     2
  Use: Potion            |       |     3 ||     3
 Stab: Sleeping          |     3 |     5 ||     8
Armor: Robe              |    12 |     9 ||    21
Dodge: Dodged            |    28 |    34 ||    62

Table legend: (Time is in decaauts)
 A = Elapsed time spent in this place.
 B = Non-inter-level travel time spent in this place.
 C = Inter-level travel time spent in this place.
 D = Time resting spent in this place.
 E = Time spent auto-exploring this place.
 F = Levels seen in this place.
 G = Mean time per level.
                   A        B        C        D        E       F      G
               +--------+--------+--------+--------+--------+-----+--------+
         Total |   3473 |   3411 |     62 |   1044 |   1850 |   3 | 1157.7 |
       Dungeon |   3473 |   3411 |     62 |   1044 |   1850 |   3 | 1157.7 |
               +--------+--------+--------+--------+--------+-----+--------+

Top non-repeatable levels by time:
     D:2: 1218 daAuts
     D:3: 1174 daAuts
     D:1: 1081 daAuts
